 Dungeon Crawl Stone Soup version 0.20.2-3-g29329e0561 (webtiles) character file.

507 Alfie the Slasher (level 6, -5/55 HPs)
             Began as a Minotaur Fighter on Oct 28, 2020.
             Slain by Alfie's ghost (11 damage)
             ... on level 4 of the Dungeon.
             The game lasted 00:06:59 (2237 turns).

Alfie the Slasher (Minotaur Fighter)                Turns: 2237, Time: 00:06:59

Health: -5/55      AC: 11    Str: 22    XL:     6   Next: 97%
Magic:  5/5        EV:  8    Int:  5    God:
Gold:   180        SH: 10    Dex: 10    Spells: 5/5 levels left

rFire    . . .     SeeInvis .   a - +1 long sword
rCold    . . .     Gourm    .   c - +0 shield
rNeg     . . .     Faith    .   b - +0 scale mail
rPois    .         Spirit   .   (helmet restricted)
rElec    .         Reflect  .   j - +0 cloak
rCorr    .         Harm     .   n - +2 pair of gloves
MR       .....                  (no boots)
Stlth    ..........             (no amulet)
Regen    0.2/turn               (no ring)
MPRegen  0.1/turn               (no ring)

@: no status effects
A: retaliatory headbutt, horns 2
a: no special abilities


You were on level 4 of the Dungeon.
You were not hungry.

You visited 1 branch of the dungeon, and saw 4 of its levels.

You collected 180 gold pieces.

Inventory:

Hand Weapons
 a - a +1 long sword (weapon)
Armour
 b - a +0 scale mail (worn)
 c - a +0 shield (worn)
 j - a +0 cloak (worn)
 n - a +2 pair of gloves (worn)
Jewellery
 d - an uncursed ring of see invisible {unknown}
Scrolls
 e - a scroll of fog
 h - 2 scrolls of teleportation
Potions
 g - a potion of agility {unknown}
 i - a potion of flight {unknown}
 l - a potion of magic {unknown}
 m - a potion of lignification {unknown}
 o - 2 potions of mutation
 p - a potion of curing
Comestibles
 f - 5 bread rations
 k - 3 meat rations


   Skills:
 + Level 4.8 Fighting
 + Level 5.9 Long Blades
 + Level 5.3 Armour
 + Level 1.8 Dodging
 + Level 0.6 Stealth
 + Level 5.1 Shields


You had 5 spell levels left.
You didn't know any spells.

Dungeon Overview and Level Annotations

Branches:
Dungeon (4/15)             Temple (0/1) D:4

Altars:

Annotations:
D:4 Alfie's ghost, amateur MiFi


Innate Abilities, Weirdness & Mutations

You reflexively headbutt those who attack you in melee.
You have a pair of horns on your head.


Message History

You hit Alfie's ghost. Your headbutt misses Alfie's ghost.
Alfie's ghost is lightly damaged.
Alfie's ghost grins evilly.
You block Alfie's ghost's attack.
You barely miss Alfie's ghost.
Alfie's ghost is lightly damaged.
You block Alfie's ghost's attack.
You barely miss Alfie's ghost. You headbutt Alfie's ghost!
Alfie's ghost is moderately damaged.
You block Alfie's ghost's attack.
You hit Alfie's ghost.
Alfie's ghost is moderately damaged.
You block Alfie's ghost's attack.
You hit Alfie's ghost.
Alfie's ghost is moderately damaged.
You block Alfie's ghost's attack.
You hit Alfie's ghost. You headbutt Alfie's ghost.
Alfie's ghost is heavily damaged.
Alfie's ghost hits you!
You die...

...##'###....##
#.........#...#####
###...............##
#...##......###..##
###.####....###...#
#...##........#.##
##..####.........###**
##.####............,**
#...##....@.....#*,,*******
#....#....W.......,,,,,,,,,
#.#..........[#..#**,,*****
#.##......^.......***,,,,**
##...........#.###,******,**
#......).........,,,,,,,,,,,
###..#............,,,,,,>,,,
#..#.##.....#..#*****,,**,
#....#*.#..,,,,,,,,,,,,***


You could see Alfie's ghost.

Vanquished Creatures
  The ghost of Alfie the Shield-Bearer, an amateur MiFi (D:3)
  2 orc priests (D:3)
  Crazy Yiuf (D:3)
  A hound (D:4)
  Terence (D:3)
  An orc wizard (D:3)
  A hound skeleton (D:4)
  Robin (D:2)
  3 adders
  5 worms
  2 dart slugs
  A leopard gecko (D:1)
  19 orcs (D:3)
  8 bats
  5 giant cockroaches
  15 goblins
  14 hobgoblins
  8 jackals
  6 kobolds
  A ball python (D:1)
  A frilled lizard (D:4)
  7 rats
104 creatures vanquished.

Notes
Turn   | Place    | Note
-------+----------+-------------------------------------------
     0 | D:1      | Alfie the Minotaur Fighter began the quest for the Orb.
     0 | D:1      | Reached XP level 1. HP: 19/19 MP: 0/0
   118 | D:1      | Reached XP level 2. HP: 27/27 MP: 1/1
   359 | D:1      | Reached XP level 3. HP: 24/33 MP: 2/2
   769 | D:2      | Noticed Robin
   775 | D:2      | Killed Robin
   775 | D:2      | Reached XP level 4. HP: 12/40 MP: 3/3
  1123 | D:3      | Noticed Alfie's ghost (amateur MiFi)
  1134 | D:3      | Killed Alfie's ghost
  1134 | D:3      | Reached skill level 1 in Dodging
  1134 | D:3      | Reached XP level 5. HP: 29/47 MP: 4/4
  1140 | D:3      | Noticed Terence
  1145 | D:3      | Killed Terence
  1145 | D:3      | Reached skill level 5 in Long Blades
  1145 | D:3      | Reached skill level 5 in Armour
  1175 | D:3      | Reached XP level 6. HP: 32/53 MP: 5/5
  1350 | D:3      | Reached skill level 5 in Shields
  1481 | D:3      | Found a runed door.
  2035 | D:3      | Noticed Crazy Yiuf
  2044 | D:3      | Killed Crazy Yiuf
  2219 | D:4      | Noticed Alfie's ghost (amateur MiFi)
  2237 | D:4      | Slain by Alfie's ghost

Skill      XL: |  1  2  3  4  5  6 |
---------------+-------------------+-----
Armour         | 4 5 |  5.3
Long Blades    | 3 4 5 |  5.9
Fighting       | 4 |  4.8
Shields        | 4 5 |  5.1
Dodging        | 1 |  1.8
Stealth        | |  0.6

Action                   |  1- 3 |  4- 6 || total
-------------------------+-------+-------++-------
Melee: Long sword        |    77 |   174 ||   251
       Headbutt          |    10 |    36 ||    46
  Use: Scroll            |     5 |     2 ||     7
       Potion            |     1 |     1 ||     2
  Eat: Fruit             |       |     2 ||     2
       Bread ration      |       |     1 ||     1
Armor: Scale mail        |    45 |    65 ||   110
Dodge: Dodged            |    22 |    41 ||    63
Block: Shield            |    43 |    94 ||   137
       Rpst.: Long sword |     5 |     8 ||    13
